 Dungeon Crawl Stone Soup version 0.30-a0-424-g7412bad402 (webtiles) character file.

Game seed: 2587368824943362779

2133 NinjaNoafa the Summoner (level 9, -2/34 HPs)
             Began as a Felid Summoner on Dec 9, 2022.
             Was an Initiate of Gozag.
             Slain by a water moccasin (6 damage)
             ... on level 8 of the Dungeon.
             The game lasted 00:24:24 (8471 turns).

NinjaNoafa the Summoner (Felid Summoner)            Turns: 8471, Time: 00:24:25

Health: -2/34      AC:  4    Str:  4    XL:     9   Next: 9%
Magic:  19/22      EV: 17    Int: 22    God:    Gozag
Gold:   184        SH:  0    Dex: 19    Spells: 11/24 levels left
                                        Lives:  0   Deaths: 2

rFire   + . .      SeeInvis +    (weapon unavailable)
rCold   . . .      Faith    .    (shield unavailable)
rNeg    . . .      Spirit   .    (body armour unavailable)
rPois   +          Reflect  .    (helmet unavailable)
rElec   .          Harm     .    (cloak unavailable)
rCorr   .          Rampage  .    (gloves unavailable)
Will    +....                    (boots unavailable)
Stlth   ++........               (no amulet)
HPRegen 0.25/turn                C - ring "Leuptegud" {rPois Int+2 Dex+2}
MPRegen 0.18/turn                x - ring of protection from fire

@: lethally poisoned (-2 -> -7), about to teleport, quick
A: very small, claws 1, fangs 3, see invisible, speed 1, shaggy fur 2, stealthy
paws, no weapons or thrown items, no armour, multi-lived, iridescent scales 1,
wild magic 1
a: Renounce Religion, Potion Petition, Call Merchant, Bribe Branch


You were on level 8 of the Dungeon.
You worshipped Gozag.
Gozag was aware of your devotion.
You visited 2 branches of the dungeon, and saw 9 of its levels.

You collected 751 gold pieces.
You spent 424 gold pieces at shops.
You paid 143 gold pieces to Gozag.

Inventory:

Jewellery
 n - a ring of flight
 x - a ring of protection from fire (right paw)
 C - the ring "Leuptegud" (left paw) {rPois Int+2 Dex+2}
   (You bought it in a shop on level 7 of the Dungeon)

   [ring of poison resistance]

   Int:       It affects your intelligence (+2).
   Dex:       It affects your dexterity (+2).
   rPois:     It protects you from poison.
Wands
 y - a wand of charming (13)
 B - a wand of iceblast (12)
Scrolls
 b - 8 scrolls of identify {unknown}
 c - a scroll of fog {unknown}
 f - a scroll of vulnerability {unknown}
 h - a scroll of enchant weapon {unknown}
 k - a scroll of brand weapon {unknown}
 l - 3 scrolls of teleportation
 q - 3 scrolls of blinking {unknown}
 r - 2 scrolls of noise {unknown}
 s - 2 scrolls of amnesia {unknown}
 u - a scroll of immolation {unknown}
Potions
 a - a potion of magic
 d - a potion of attraction
 e - a potion of invisibility {unknown}
 g - a potion of haste {unknown}
 i - a potion of degeneration {unknown}
 j - 2 potions of cancellation {unknown}
 m - 2 potions of resistance {unknown}
 o - 2 potions of brilliance {unknown}
 p - 2 potions of might {unknown}
 t - a potion of berserk rage {unknown}
 v - 2 potions of mutation
 w - 2 potions of curing {unknown}
 z - a potion of lignification {unknown}
 A - a potion of heal wounds


   Skills:
 - Level 2.6 Dodging
 - Level 2.6 Stealth
 + Level 8.0 Spellcasting
 - Level 5.0 Hexes
 + Level 9.4 Summonings
 * Level 6.0 Air Magic


You had 11 spell levels left.
You knew the following spells:

 Your Spells              Type           Power      Damage    Failure   Level
a - Summon Small Mammal   Summ           100%       N/A       1%          1
b - Call Imp              Summ           60%        N/A       1%          2
c - Call Canine Familiar  Summ           60%        N/A       1%          3
d - Summon Guardian Gole  Hex/Summ       52%        N/A       2%          3
e - Summon Lightning Spi  Summ/Air       54%        N/A       5%          4

Your spell library contained the following spells:

 Spells                   Type           Power      Damage    Failure   Level
 Apportation              Tloc           22%        N/A       12%         1
 Sandblast                Erth           22%        2d7       12%         1
 Blink                    Tloc           22%        N/A       16%         2
 Momentum Strike          Conj/Tloc      22%        3d8       16%         2
 Passwall                 Tmut/Erth      9%         N/A       16%         2
 Hailstorm                Conj/Ice       11%        3d5       30%         3
 Lesser Beckoning         Tloc           22%        N/A       30%         3
 Stone Arrow              Conj/Erth      22%        3d8       30%         3
 Ice Form                 Ice/Tmut       11%        N/A       67%         4
 Olgreb's Toxic Radiance  Pois           11%        N/A       67%         4
 Alistair's Intoxication  Tmut/Pois      7%         N/A       94%         5
 Ozocubu's Refrigeration  Ice            5%         4d8       100%        7
 Ignition                 Fire           5%         3d4       100%        8
 Simulacrum               Ice/Necr       Unusable   N/A       N/A         6

Dungeon Overview and Level Annotations

Branches:
Dungeon (8/15)             Temple (1/1) D:4
   Lair: D:8-11

Altars:
Ashenzari
Cheibriados
Dithmenos
Elyvilon
Fedhas
Gozag
Makhleb
Nemelex Xobeh
Qazlal
Ru
Trog
Uskayaw
Vehumet
Wu Jian
Xom
Yredelemnul
Zin
The Shining One

Shops:
D:7 *


Innate Abilities, Weirdness & Mutations

You have sharp claws.
You have razor-sharp teeth.
You have supernaturally acute eyesight. (SInv)
You cover ground quickly. (Speed+)
You are covered in thick fur. (AC +2)
Your paws help you pounce on unaware monsters.
You are incapable of wielding weapons or throwing items.
You cannot wear armour.
You gain extra lives every three experience levels.
You are partially covered in iridescent scales. (AC +2)
Your spells are a little harder to cast, but a little more powerful.


Message History

Your warg blinks! x2
You blink.
Your magical contamination has completely faded away.
A water moccasin is nearby!
The water moccasin barely misses you.
The water moccasin attacks as you move away!
The water moccasin barely misses you.
Casting: Call Canine Familiar (safe; 1% risk of failure)
Confirm with . or Enter, or press ? or * to list all spells.
A guardian golem appears, shielding your allies.
The water moccasin misses you.
Your warg bites the water moccasin but does no damage.
There is an open door here.
The water moccasin attacks as you move away!
The water moccasin bites you.
You are poisoned.
The water moccasin poisons you!
You feel very sick.
Your warg barely misses the water moccasin.
The water moccasin bites you.
You feel very sick. The yak closely misses you.
Your warg misses the water moccasin.
The water moccasin completely misses you.
You feel sick.
Your warg closely misses the water moccasin.
The yak snorts and paws the ground.
The yak gores you!
* * * LOW HITPOINT WARNING * * *
The water moccasin closely misses you.
It was a potion of heal wounds.
You feel much better.
You feel sick.
Your warg bites the water moccasin.
The water moccasin misses you. The yak barely misses you. The yak gores you!
As you read the scroll labelled COGAHO XYUTSAB, it crumbles to dust.
You feel strangely unstable.
It was a scroll of teleportation.
You feel sick.
Your warg closely misses the water moccasin.
The water moccasin closely misses you. The yak misses you. The yak gores you.
* * * LOW HITPOINT WARNING * * *
Your warg bites the water moccasin!
The water moccasin bites you.
You die...
Your body crumbles into a pile of gold.

##....# #......# #....#
###....# ...
###########....####.§.P.
..[....[)...$..§.S......
############.######...♣.
#...####...Y.
###9#........
#hS.Y...... $
###@Y..♣... #.......P
####...♣. ...# ..# ###


You could see 3 yaks, a water moccasin (ally target), a friendly guardian golem
(summoned) and a friendly warg (summoned, sheltered).

Vanquished Creatures
  An endoplasm (D:1)
  A quokka (D:3)
2 creatures vanquished.

Vanquished Creatures (collateral kills)
  A hornet (D:7)
  Sigmund (D:2)
  A wyvern (D:8)
  A yak (D:8)
  Menkaure (D:6)
  3 water moccasins
  A black bear (D:7)
  2 ice beasts
  2 ogres
  A centaur (D:7)
  3 phantoms
  A bullfrog (D:7)
  4 howler monkeys (D:7)
  4 hounds
  3 jellies (D:4)
  Jessica (D:2)
  An iguana (D:4)
  5 orc wizards
  4 gnolls (D:3)
  6 adders
  A shadow imp (D:6)
  2 white imps
  2 worms
  2 dart slugs
  25 orcs
  9 ball pythons
  8 bats
  13 endoplasms
  A giant cockroach (D:1)
  6 goblins
  2 hobgoblins (D:4)
  5 jackals (D:2)
  5 quokkas
  5 frilled lizards
  8 kobolds
  7 rats
147 creatures vanquished.

Vanquished Creatures (others)
  A hornet (D:7)
  A wyvern (D:8)
  A steam dragon (D:6)
  2 water moccasins (D:8)
  2 ogres (D:5)
  Blork the orc (D:5)
  Ijyb (D:5)
  13 fungi
  12 plants (D:8)
  5 toadstools (D:4)
39 creatures vanquished.

Grand Total: 188 creatures vanquished

Notes
Turn   | Place    | Note
-------+----------+-------------------------------------------
     0 | D:1      | NinjaNoafa the Felid Summoner began the quest for the Orb.
     0 | D:1      | Reached XP level 1. HP: 7/7 MP: 4/4
   269 | D:1      | Reached XP level 2. HP: 11/11 MP: 3/6
   359 | D:1      | Learned a level 2 spell: Call Imp
  1095 | D:2      | Reached XP level 3. HP: 14/14 MP: 4/8
  1113 | D:2      | Noticed Sigmund
  1173 | D:1      | Learned a level 3 spell: Call Canine Familiar
  1512 | D:2      | Killed Sigmund
  1513 | D:2      | Reached skill level 5 in Summonings
  1513 | D:2      | Reached XP level 4. HP: 18/18 MP: 1/11
  1513 | D:2      | Reached XP level 5. HP: 21/21 MP: 1/12
  1700 | D:2      | Found a faded altar of an unknown god.
  1871 | D:2      | Noticed Jessica
  1883 | D:2      | Killed Jessica
  2038 | D:3      | Learned a level 3 spell: Summon Guardian Golem
  2066 | D:3      | Gained mutation: You are covered in thick fur. (AC +2)
                  | [Felid growth]
  2066 | D:3      | Reached XP level 6. HP: 24/24 MP: 7/13
  2342 | D:3      | Reached skill level 6 in Summonings
  2952 | D:4      | Noticed an ice beast
  2962 | D:4      | Killed an ice beast
  3063 | D:4      | Reached skill level 5 in Spellcasting
  3202 | D:4      | Reached XP level 7. HP: 27/27 MP: 12/15
  3370 | D:4      | Found a staircase to the Ecumenical Temple.
  3390 | Temple   | Entered the Ecumenical Temple
  3390 | Temple   | Found a transporter.
  3390 | Temple   | Found a transporter.
  3392 | Temple   | Found a transporter.
  3392 | Temple   | Found a transporter.
  4167 | D:4      | Reached skill level 7 in Summonings
  4353 | D:5      | Entered Level 5 of the Dungeon
  4359 | D:5      | Learned a level 4 spell: Summon Lightning Spire
  4908 | D:5      | Noticed Blork the orc
  5038 | D:5      | Reached XP level 8. HP: 31/31 MP: 16/18
  5074 | D:5      | Found a basalt altar of Yredelemnul.
  5547 | D:5      | Noticed Ijyb
  5583 | D:5      | Killed Ijyb
  5810 | D:5      | Killed Blork the orc
  5811 | D:5      | Reached skill level 1 in Hexes
  6134 | D:5      | Killed from afar by a white imp
  6135 | D:5      | Reached XP level 7. HP: -1/27 MP: 7/17
  6192 | D:6      | Reached skill level 8 in Summonings
  6192 | D:6      | Reached skill level 1 in Air Magic
  6286 | D:6      | Noticed a steam dragon
  6330 | D:6      | Killed a steam dragon
  6395 | D:6      | Noticed Menkaure
  6406 | D:6      | Killed Menkaure
  6598 | D:6      | Reached XP level 8. HP: 23/31 MP: 13/19
  6731 | D:6      | Found a hide-covered altar of Uskayaw.
  6732 | D:6      | Found an opulent altar of Gozag.
  7052 | D:6      | Became a worshipper of Gozag Ym Sagoz the Greedy
  7167 | D:7      | Noticed a hornet
  7198 | D:7      | Killed a hornet
  7207 | D:7      | Reached skill level 5 in Hexes
  7382 | D:7      | Noticed a hornet
  7415 | D:7      | Killed a hornet
  7416 | D:7      | HP: 1/31 [poisoned by a hornet]
  7417 | D:7      | Gained mutation: Your spells are a little harder to cast,
                  | but a little more powerful. [potion of mutation]
  7417 | D:7      | Gained mutation: You are partially covered in iridescent
                  | scales. (AC +2) [potion of mutation]
  7417 | D:7      | Succumbed to a hornet's poison
  7418 | D:7      | Reached XP level 7. HP: 0/27 MP: 17/18
  7445 | D:7      | Found Rohora's Serpentskin Sales.
  7455 | D:7      | Reached XP level 8. HP: 31/31 MP: 13/20
  7794 | D:7      | Bought the ring "Leuptegud" {rPois Int+2 Dex+2} for 424
                  | gold pieces
  7912 | D:7      | Reached skill level 9 in Summonings
  8195 | D:8      | Reached skill level 5 in Air Magic
  8407 | D:8      | Reached XP level 9. HP: 29/34 MP: 15/21
  8471 | D:8      | Slain by a water moccasin

Illustrated notes

Levels and vault maps discovered:
D:1:      shiori_shiawase, layout_basic
D:2:      layout_rooms, shapermc_ecumenical_altar_venn, minmay_nonomino_d4,
          uniq_sigmund, uniq_jessica
D:3:      layout_rooms
D:4:      cheibrodos_fertilizer, layout_gridville, minmay_temple_entry_statues
D:5:      layout_loops_ring, mainiacjoe_overflow_alcove_1,
          serial_co_window_serial, co_window_paths_a, co_window_paths_a,
          co_window_paths_a, co_window_cross_1, co_window_paths_a,
          co_window_2corner, co_window_paths_c, co_window_unsneaky_path_c,
          co_window_4corner_b, co_window_sun, glass_columns_c, glass_columns_a,
          glass_columns_b, glass_columns_b, glass_columns_a,
          minmay_misc_feat_doors, uniq_blork_the_orc, uniq_ijyb
D:6:      layout_cave_pools, jmf_multi_god_temple, uniq_menkaure
D:7:      layout_loops_ring, guppyfry_shop_venom
D:8:      layout_basic, minmay_lair_entry_grove
Temple:   hellmonk_temple_divided_pantheon

Skill      XL: |  1  2  3  4  5  6  7  8  9 |
---------------+----------------------------+-----
Spellcasting   | 4 5 6 7 8 |  8.0
Summonings     | 5 6 8 9 |  9.4
Hexes          | 3 5 |  5.0
Air Magic      | 2 5 6 |  6.0
Dodging        | |  2.6
Stealth        | |  2.6

Action                   |  1- 3 |  4- 6 |  7- 9 || total
-------------------------+-------+-------+-------++-------
Melee: Unarmed           |     4 |     1 |     3 ||     8
       Bite              |     1 |       |       ||     1
 Cast: Summon Small Mamm |    39 |    24 |    65 ||   128
       Call Imp          |    15 |    17 |    25 ||    57
       Call Canine Famil |     5 |    10 |    21 ||    36
       Summon Guardian G |       |       |    16 ||    16
       Summon Lightning  |       |       |    11 ||    11
  Use: Potion            |       |       |     3 ||     3
       Scroll            |       |       |     1 ||     1
Armor: Skin              |    11 |     6 |     4 ||    21
Dodge: Dodged            |    85 |    23 |    60 ||   168

Table legend: (Time is in decaauts)
 A = Elapsed time spent in this place.
 B = Non-inter-level travel time spent in this place.
 C = Inter-level travel time spent in this place.
 D = Time resting spent in this place.
 E = Time spent auto-exploring this place.
 F = Levels seen in this place.
 G = Mean time per level.
                   A        B        C        D        E       F      G
               +--------+--------+--------+--------+--------+-----+--------+
         Total |   7464 |   7064 |    400 |    100 |   5067 |   9 |  829.3 |
       Dungeon |   7433 |   7033 |    400 |    100 |   5062 |   8 |  929.1 |
        Temple |     30 |     30 |      0 |      0 |      4 |   1 |   30.0 |
               +--------+--------+--------+--------+--------+-----+--------+

Top non-repeatable levels by time:
     D:5: 1558 daAuts
     D:4: 1315 daAuts
     D:1: 1060 daAuts
     D:6: 814 daAuts
     D:7: 813 daAuts
     D:2: 768 daAuts
     D:3: 724 daAuts
     D:8: 379 daAuts
  Temple: 30 daAuts
